 Dungeon Crawl Stone Soup version 0.27-a0-1144-g0b7d3b79db (webtiles) character file.

Game seed: 14167476385553152635

44559 Ge0ff the Thaumaturge (level 13, -26/68 HPs)
             Began as a Deep Elf Necromancer on May 10, 2021.
             Was a High Priest of Vehumet.
             Annihilated by a death knight
             ... wielding a +3 glaive
              (27 damage)
             ... on level 14 of the Dungeon.
             The game lasted 00:46:22 (25857 turns).

Ge0ff the Thaumaturge (Deep Elf Necromancer)       Turns: 25857, Time: 00:46:23

Health: -26/68     AC: 16    Str:  5    XL:     13   Next: 96%
Magic:  22/30      EV: 13    Int: 28    God:    Vehumet [*****.]
Gold:   1019       SH:  7    Dex: 15    Spells: 10/35 levels left

rFire    + . .     SeeInvis .   a - staff of conjuration
rCold    x . .     Faith    .   D - +2 buckler {rN+}
rNeg     + . .     Spirit   .   Y - +1 troll leather armour
rPois    .         Reflect  .   C - +1 hat
rElec    .         Harm     .   (no cloak)
rCorr    +         Rampage  .   K - +3 pair of gloves of Old and Reckless {rCorr Int+2 Slay-3}
Will     +....                  J - +1 pair of boots
Stlth    ++........             (no amulet)
HPRegen  1.21/turn              P - ring of fire
MPRegen  0.22/turn              O - +4 ring of protection {=R}

@: radiating poison
A: no striking features
a: Renounce Religion


You were on level 14 of the Dungeon.
You worshipped Vehumet.
Vehumet was extremely pleased with you.
You visited 3 branches of the dungeon, and saw 17 of its levels.
You also visited: Ossuary and Bailey.

You collected 2347 gold pieces.
You spent 1328 gold pieces at shops.

Inventory:

Hand Weapons
 b - a +4 dagger of electrocution
Missiles
 g - 7 throwing nets {=f}
 v - 2 curare-tipped darts {=f}
 Q - 20 boomerangs
 X - 4 boomerangs of dispersal
Armour
 t - a +2 robe of willpower
 C - a +1 hat (worn)
 D - a +2 buckler of positive energy (worn)
 F - a +2 scale mail of fire resistance
 J - a +1 pair of boots (worn)
 K - the +3 pair of gloves of Old and Reckless (worn) {rCorr Int+2 Slay-3}
   (You bought it in a shop on level 1 of the Dungeon)

   It affects your intelligence (+2).
   It affects your accuracy and damage with ranged weapons and melee attacks
   (-3).
   It protects you from acid and corrosion.
 R - +0 steam dragon scales
 Y - a +1 troll leather armour (worn)
Magical Staves
 a - a staff of conjuration (weapon)
Jewellery
 u - an amulet of magic regeneration
 w - a ring of protection from cold
 G - a +6 ring of strength
 O - a +4 ring of protection (right hand) {=R}
 P - a ring of fire (left hand)
 Z - a ring of wizardry
Wands
 d - a wand of digging (6)
 e - a wand of charming (4)
 f - a wand of flame (56)
 k - a wand of iceblast (20)
 p - a wand of paralysis (12)
 s - a wand of mindburst (10)
Scrolls
 i - a scroll of identify
 m - a scroll of magic mapping
 y - 2 scrolls of immolation
 B - 3 scrolls of blinking
 E - 2 scrolls of fear
 S - a scroll of summoning
 T - 5 scrolls of teleportation
 V - 4 scrolls of vulnerability
Potions
 o - a potion of ambrosia
 q - 2 potions of curing
 x - 2 potions of mutation {!q}
 z - 3 potions of brilliance
 A - 4 potions of attraction
 H - a potion of haste {!q}
 I - 2 potions of invisibility
 L - 3 potions of lignification
 M - 2 potions of might
 N - 7 potions of cancellation {!q}
 W - 3 potions of heal wounds {!q}
Miscellaneous
 n - a phial of floods
 U - a phantom mirror


   Skills:
 - Level 3.0 Fighting
 - Level 2.0 Armour
 - Level 5.0 Dodging
 - Level 3.0 Stealth
 - Level 4.0 Shields
 + Level 11.6 Spellcasting
 * Level 10.4 Conjurations
 - Level 8.8 Necromancy
 + Level 7.4 Transmutations
 * Level 10.7 Fire Magic
 - Level 5.0 Air Magic
 * Level 10.0 Earth Magic
 + Level 9.2 Poison Magic
 - Level 5.0 Evocations


You had 10 spell levels left.
You knew the following spells:

 Your Spells              Type           Power      Damage    Failure   Level
d - Vampiric Draining     Necr           30%        2d10      1%          3
f - Mephitic Cloud        Conj/Pois/Air  76%        N/A       1%          3
i - Ignite Poison         Fire/Tmut/Pois 79%        N/A       1%          3
k - Bolt of Magma         Conj/Fire/Erth 53%        4d21      1%          5
r - Olgreb's Toxic Radia  Pois           62%        N/A       1%          4
C - Poisonous Vapours     Pois/Air       100%       N/A       1%          2
E - Irradiate             Conj/Tmut      39%        3d26      1%          5

Your spell library contained the following spells:

 Spells                   Type           Power      Damage    Failure   Level
 Conjure Ball Lightning   Conj/Air       36%        3x3d12    10%         6
 Animate Skeleton         Necr           100%       N/A       1%          1
 Beastly Appendage        Tmut           100%       N/A       1%          1
 Pain                     Necr           100%       1d9       1%          1
 Sting                    Tmut/Pois      100%       1d8       1%          1
 Wereblood                Tmut           55%        N/A       1%          2
 Dazzling Flash           Conj/Hex       100%       N/A       1%          3
 Spider Form              Tmut/Pois      29%        N/A       1%          3
 Animate Dead             Necr           30%        N/A       1%          4
 Iskenderun's Battlesphe  Conj           85%        2d13      1%          5
 Iron Shot                Conj/Erth      42%        9d8       3%          6
 Agony                    Necr           60%        N/A       4%          5
 Corona                   Hex            17%        N/A       5%          1
 Summon Small Mammal      Summ           64%        N/A       5%          1
 Hydra Form               Tmut           27%        N/A       7%          5
 Call Imp                 Summ           16%        N/A       9%          2
 Ensorcelled Hibernation  Hex/Ice        32%        N/A       9%          2
 Ice Form                 Ice/Tmut       37%        N/A       12%         4
 Call Canine Familiar     Summ           16%        N/A       17%         3
 Confusing Touch          Hex            16%        N/A       17%         3
 Summon Guardian Golem    Hex/Summ       16%        N/A       17%         3
 Tukima's Dance           Hex            16%        N/A       17%         3
 Orb of Destruction       Conj           42%        9d14      17%         7
 Summon Lightning Spire   Summ/Air       30%        N/A       21%         4
 Summon Ice Beast         Ice/Summ       16%        N/A       50%         4
 Spellforged Servitor     Conj/Summ      31%        N/A       77%         7


Dungeon Overview and Level Annotations

Branches:
Dungeon (14/15)            Temple (1/1) D:6            Lair (0/6) D:9
    Orc (2/2) D:9             Elf (0/3) Orc:2       Ossuary (visited)
 Bailey (visited)
 Vaults: D:13-14

Altars:
Ashenzari
Cheibriados
Dithmenos
Elyvilon
Fedhas
Gozag
Hepliaklqana
Kikubaaqudgha
Makhleb
Nemelex Xobeh
Okawaru
Qazlal
Ru
Sif Muna
Trog
Uskayaw
Vehumet
Wu Jian
Xom
Yredelemnul
Zin
The Shining One
Beogh

Shops:
D:1 [   D:3 *   D:4 *   D:8 *   D:12 =   Orc:1 ?   Orc:2 (:?(


Message History

A centaur warrior comes into view.
The centaur wields a +0 shortbow.
The centaur shoots an arrow.
You block the arrow. The death knight misses you.
Casting: Olgreb's Toxic Radiance (safe; 1% risk of failure)
Confirm with . or Enter, or press ? or * to list all spells.
You feel a surge of power!
You ignite the poison in your surroundings!
The cyan ugly thing seems to burn from within!!
The cyan ugly thing is severely wounded.
The death knight seems to burn from within!!
The death knight is moderately wounded.
The centaur seems to burn from within!!
You kill the centaur!
Vehumet accepts your kill.
You feel your power returning.
The cyan ugly thing is poisoned.
The death knight is poisoned.
The centaur warrior is poisoned.
The centaur warrior wields a +0 longbow.
The centaur warrior shoots an arrow.
The arrow hits you!!
A centaur comes into view.
The death knight offers itself to Yredelemnul, and fills with unholy energy.
The centaur shouts!
You hear an angry buzzing noise.
Casting: Ignite Poison (safe; 1% risk of failure)
Confirm with . or Enter, or press ? or * to list all spells.
Your toxic radiance grows in intensity.
The cyan ugly thing looks even sicker.
The centaur warrior looks even sicker.
The centaur is poisoned.
The death knight reflects your damage back at you!
The cyan ugly thing looks even sicker.
The death knight looks even sicker.
The death knight reflects your damage back at you!
The death knight hits you from afar with a +3 glaive!!
Casting: Olgreb's Toxic Radiance (safe; 1% risk of failure)
Confirm with . or Enter, or press ? or * to list all spells.
You feel a surge of power!
You ignite the poison in your surroundings!
The cyan ugly thing seems to burn from within!!!
You kill the cyan ugly thing!
Vehumet accepts your kill.
You feel your power returning.
The death knight seems to burn from within!!
The death knight is almost dead.
The centaur seems to burn from within!!
You kill the centaur!
Vehumet accepts your kill.
You feel your power returning.
The death knight reflects your damage back at you!
* * * LOW HITPOINT WARNING * * *
The death knight is poisoned.
The death knight reflects your damage back at you!
* * * LOW HITPOINT WARNING * * *
The death knight hits you from afar with a +3 glaive!!
You die...

.....# ....###
# ...... ).
#....##c .
#[....)
...###....###.#
...........†...
.......@.#
..........#
...####..p# .
#..## #..# #..#
#..# #..#


You could see a death knight (reflects damage, poisoned) and a centaur warrior
(very poisoned).

Vanquished Creatures
  2 minotaurs (D:11)
  4 boulder beetles
  A hydra (D:13)
  A catoblepas (D:9)
  Erica (D:11)
  2 centaur warriors
  3 two-headed ogres
  4 death yaks (D:11)
  An orc high priest (Orc:2)
  2 ugly things
  An orc knight (Orc:1)
  2 cyclopes
  3 manticores
  7 orc sorcerers
  2 centaur zombies
  A gargoyle (D:12)
  A komodo dragon (D:8)
  9 yaktaurs (D:11)
  3 unseen horrors
  A tengu conjurer (D:13)
  11 trolls
  A hornet (D:7)
  10 slime creatures (D:13)
  A shadow (D:11)
  A yak (shapeshifter) (D:11)
  2 wraiths
  A wyvern (D:4)
  39 yaks
  A steam dragon (D:7)
  2 humans (D:12)
  Menkaure (D:6)
  2 wargs
  A water moccasin (D:8)
  An acid dragon (D:12)
  A sky beast (D:5)
  19 orc warriors
  A necrophage (D:8)
  An ice beast (D:7)
  3 wolves (D:9)
  11 centaurs
  13 ogres
  4 kobold brigands
  13 gnoll sergeants
  A scorpion (D:5)
  A wyvern zombie (D:6)
  A wyvern skeleton (D:7)
  10 killer bees (D:9)
  19 wights
  6 electric eels
  2 howler monkeys
  2 bullfrog zombies (D:5)
  9 hounds
  2 bullfrog skeletons (D:7)
  26 orc priests
  7 gnoll shamans
  A jelly (D:4)
  37 orc wizards
  3 iguanas
  2 killer bee zombies
  A mummy (Ossuary)
  4 adders
  45 gnolls
  An adder skeleton (D:4)
  3 worms
  A dart slug (D:2)
  90 orcs
  14 ball pythons
  7 bats
  6 endoplasms
  7 giant cockroaches
  6 goblins
  8 hobgoblins
  26 jackals
  9 kobolds
  2 quokkas
  2 frilled lizards
  7 gnoll skeletons (Ossuary)
  6 kobold skeletons (Ossuary)
  12 orc skeletons (Ossuary)
  6 rats
583 creatures vanquished.

Notes
Turn   | Place    | Note
-------+----------+-------------------------------------------
     0 | D:1      | Ge0ff the Deep Elf Necromancer began the quest for the Orb.
     0 | D:1      | Reached XP level 1. HP: 10/10 MP: 6/6
   267 | D:1      | Reached skill level 5 in Necromancy
   411 | D:1      | Reached XP level 2. HP: 14/16 MP: 6/8
   954 | D:1      | Found Kir Myer's Antique Armour Boutique.
  1014 | D:1      | Reached skill level 1 in Fighting
  1424 | D:1      | Reached XP level 3. HP: 19/20 MP: 7/9
  1853 | D:1      | Found a faded altar of an unknown god.
  2216 | D:2      | Learned a level 3 spell: Vampiric Draining
  2780 | D:2      | Reached XP level 4. HP: 22/25 MP: 6/10
  3712 | D:2      | Reached XP level 5. HP: 23/30 MP: 5/12
  3933 | D:3      | Found Uruim's General Store.
  4124 | D:3      | Reached skill level 4 in Spellcasting
  4438 | D:3      | Bought a scroll of identify for 28 gold pieces
  4646 | D:3      | Found a white marble altar of Elyvilon.
  4769 | D:4      | Noticed an ogre
  4775 | D:4      | Killed an ogre
  4776 | D:4      | Reached skill level 1 in Armour
  4776 | D:4      | Reached XP level 6. HP: 35/35 MP: 2/15
  4781 | D:4      | Found a sand-covered staircase.
  4789 | Ossuary  | Entered an ossuary
  4789 | Ossuary  | Noticed a wraith
  4789 | Ossuary  | Noticed a wraith
  4789 | Ossuary  | Noticed a wraith
  5019 | Ossuary  | Noticed a wraith
  5379 | D:4      | Reached skill level 5 in Spellcasting
  5549 | D:4      | You fall into a shaft and drop 3 floors!
  5573 | D:7      | Reached XP level 7. HP: 12/40 MP: 0/16
  5974 | D:7      | Reached skill level 6 in Spellcasting
  6047 | D:6      | Noticed Menkaure
  6049 | D:5      | Entered Level 5 of the Dungeon
  6464 | D:4      | Noticed a wyvern
  6470 | D:4      | Killed a wyvern
  6471 | D:4      | Reached XP level 8. HP: 43/44 MP: 9/20
  6931 | D:4      | Found Paskapsu's General Store.
  6968 | D:4      | Reached skill level 5 in Dodging
  7123 | D:5      | Learned a level 2 spell: Poisonous Vapours
  7127 | D:5      | Learned a level 3 spell: Ignite Poison
  7132 | D:5      | Learned a level 4 spell: Olgreb's Toxic Radiance
  7136 | D:5      | Learned a level 3 spell: Mephitic Cloud
  7349 | D:5      | Reached skill level 7 in Spellcasting
  7515 | D:5      | Reached skill level 1 in Poison Magic
  7715 | D:5      | Reached skill level 1 in Conjurations
  7715 | D:5      | Reached skill level 1 in Transmutations
  7715 | D:5      | Reached skill level 1 in Fire Magic
  7715 | D:5      | Reached skill level 1 in Air Magic
  7940 | D:5      | Found a hide-covered altar of Uskayaw.
  8468 | D:1      | Bought a pair of spiked gloves for 247 gold pieces
  8468 | D:1      | Identified the +3 pair of gloves of Old and Reckless {rCorr
                  | Int+2 Slay-3} (You bought it in a shop on level 1 of the
                  | Dungeon)
  9014 | D:6      | Killed Menkaure
  9192 | D:6      | Found a staircase to the Ecumenical Temple.
  9217 | Temple   | Entered the Ecumenical Temple
  9449 | Temple   | Became a worshipper of Vehumet
  9542 | D:6      | Reached XP level 9. HP: 48/48 MP: 16/22
 10112 | D:6      | Found a sparkling altar of Nemelex Xobeh.
 10157 | D:6      | Found an ornate altar of the Wu Jian Council.
 10444 | D:6      | Found a staircase to the Ecumenical Temple.
 10470 | D:6      | Found a sparkling altar of Nemelex Xobeh.
 10918 | D:7      | Reached skill level 8 in Spellcasting
 10931 | D:7      | Learned a level 5 spell: Bolt of Magma
 11176 | D:7      | Reached skill level 5 in Poison Magic
 11876 | D:8      | Reached * piety under Vehumet
 11876 | D:8      | Offered knowledge of Magic Dart by Vehumet.
 12293 | D:8      | Found a hazy altar of Hepliaklqana.
 12530 | D:8      | Found Micechi's Assorted Antiques.
 12534 | D:8      | Bought a runed hat for 189 gold pieces
 12599 | D:8      | Noticed a komodo dragon
 12603 | D:8      | Killed a komodo dragon
 12604 | D:8      | Reached skill level 1 in Earth Magic
 13064 | D:8      | Reached skill level 1 in Evocations
 13066 | D:8      | Offered knowledge of Static Discharge by Vehumet.
 13066 | D:8      | Reached ** piety under Vehumet
 13067 | D:8      | Reached XP level 10. HP: 52/53 MP: 16/24
 13309 | D:9      | Noticed a catoblepas
 13516 | D:9      | Reached skill level 9 in Spellcasting
 13522 | D:9      | Reached skill level 5 in Fire Magic
 13716 | D:9      | Offered knowledge of Conjure Flame by Vehumet.
 13720 | D:9      | Reached skill level 5 in Conjurations
 13731 | D:9      | Killed a catoblepas
 13732 | D:9      | Reached skill level 5 in Transmutations
 13735 | D:9      | Reached XP level 11. HP: 44/60 MP: 19/26
 14175 | D:9      | Reached *** piety under Vehumet
 14277 | D:9      | Found a staircase to the Lair.
 14786 | D:9      | Reached skill level 5 in Air Magic
 14788 | D:9      | Reached skill level 5 in Earth Magic
 14791 | D:9      | Offered knowledge of Stone Arrow by Vehumet.
 15235 | D:9      | Found a glowing silver altar of Zin.
 15271 | D:9      | Found a staircase to the Orcish Mines.
 15389 | Orc:1    | Entered Level 1 of the Orcish Mines
 15390 | Orc:1    | Noticed an orc sorcerer
 15393 | Orc:1    | Killed an orc sorcerer
 15560 | Orc:1    | Found Jyic's Magic Scroll Emporium.
 15560 | Orc:1    | Noticed a two-headed ogre
 15565 | Orc:1    | Killed a two-headed ogre
 15613 | D:8      | Bought a glowing buckler for 202 gold pieces
 15701 | Orc:1    | Bought a scroll of immolation for 56 gold pieces
 15701 | Orc:1    | Bought a scroll of magic mapping for 56 gold pieces
 15817 | Orc:2    | Entered Level 2 of the Orcish Mines
 15818 | Orc:2    | Noticed an orc sorcerer
 15822 | Orc:2    | Killed an orc sorcerer
 15934 | Orc:2    | Reached skill level 1 in Shields
 16111 | Orc:2    | Found a staircase to the Elven Halls.
 16186 | Orc:2    | Noticed an orc sorcerer
 16189 | Orc:2    | Killed an orc sorcerer
 16190 | Orc:2    | Reached skill level 10 in Spellcasting
 16338 | Orc:2    | Reached **** piety under Vehumet
 16338 | Orc:2    | Offered knowledge of Irradiate by Vehumet.
 16340 | Orc:2    | Noticed an orc sorcerer
 16365 | Orc:2    | Learned a level 5 spell: Irradiate
 16456 | Orc:2    | Killed an orc sorcerer
 16457 | Orc:2    | Noticed an orc sorcerer
 16463 | Orc:2    | Killed an orc sorcerer
 16583 | Orc:2    | Noticed an orc sorcerer
 16586 | Orc:2    | Killed an orc sorcerer
 16587 | Orc:2    | Reached XP level 12. HP: 64/64 MP: 17/28
 16849 | Orc:2    | Noticed an orc high priest
 16852 | Orc:2    | Killed an orc high priest
 17288 | Orc:2    | Reached ***** piety under Vehumet
 17326 | Orc:2    | Found Goerug Zeit's Antique Weapon Shoppe.
 17326 | Orc:2    | Found Lethresi's Book Shoppe.
 17327 | Orc:2    | Found Zyjojas's Antique Weapon Emporium.
 17332 | Orc:2    | Found Diobebiv's Magic Scroll Emporium.
 17525 | Orc:2    | Offered knowledge of Ozocubu's Refrigeration by Vehumet.
 18346 | D:10     | Entered Level 10 of the Dungeon
 18594 | D:10     | Reached skill level 5 in Evocations
 19702 | D:11     | Noticed Erica
 19713 | D:11     | Killed Erica
 19721 | D:11     | Noticed a death yak
 19724 | D:11     | Noticed a death yak
 19728 | D:11     | Killed a death yak
 19728 | D:11     | Killed a death yak
 20377 | D:11     | Reached XP level 13. HP: 65/68 MP: 11/29
 20442 | D:11     | Noticed a minotaur
 20534 | D:11     | Noticed a minotaur
 20544 | D:11     | Killed a minotaur
 20681 | D:11     | Killed a minotaur
 20955 | D:11     | Reached skill level 11 in Spellcasting
 22675 | D:12     | Found Umnoinae's Jewellery Shoppe.
 22692 | D:12     | Bought a ring of fire for 275 gold pieces
 22692 | D:12     | Bought a ring of protection from cold for 275 gold pieces
 23069 | D:12     | Found an iron altar of Okawaru.
 23187 | D:12     | Reached skill level 10 in Fire Magic
 23577 | D:13     | Found a flagged portal.
 23589 | Bailey   | Entered a bailey
 24367 | D:13     | Reached skill level 10 in Conjurations
 24788 | D:13     | Offered knowledge of Conjure Ball Lightning by Vehumet.
 25241 | D:13     | Reached skill level 10 in Earth Magic
 25857 | D:14     | HP: 3/68 [mirror damage (20)]
 25857 | D:14     | HP: 1/68 [mirror damage (3)]
 25857 | D:14     | Annihilated by a death knight

Illustrated notes

Levels and vault maps discovered:
D:1:      elethiomel_arrival_infinity_welcomes_careful_drivers, layout_rooms,
          serial_shops, shop_coins, shapermc_ecumenical_altar_mp_vishouse
D:2:      layout_loops_corners, grunt_ministairs_9, minmay_fountain_box
D:3:      layout_rooms, marbit_many_paths, serial_shops, nicolae_shop_waterfront
D:4:      layout_basic, serial_shops, shop_fountains,
          nicolae_ossuary_entry_ruins
D:5:      layout_basic, eat_drink_and_be_merry_uskayaw, kennysheep_nondescript
D:6:      layout_basic, lemuel_tele_altar, general_overflow_altar,
          minmay_temple_entry_offerings, hangedman_decor_lopped,
          minmay_chambers_of_fives, uniq_menkaure
D:7:      layout_basic
D:8:      layout_loops_corners, kennysheep_mini, special_room
          [special_room_orc], serial_shops, shop
D:9:      layout_loops_ring, lemuel_crystal_altar, erik_lair_island,
          kennysheep_orc_monster_closet_entryway, minmay_variable_closet
D:10:     layout_roguey
D:11:     fort_yaktaur, layout_grid_maze, uniq_erica
D:12:     layout_grid_maze, serial_shops, nicolae_shop_stone, okawaru_humans
D:13:     layout_stronghold, enter_bailey_4, chequers_serial_rivers_marsh,
          skrybe_limestone_x, minmay_fractal_squares_gapless_5
D:14:     layout_small_grid, david_vaults_4, roderic_serpentine_path,
          minmay_shattered_shrine
Temple:   nicolae_temple_elliptical
Orc:1:    layout_diamond_mine, basic_altar, serial_shops, shop,
          nicolae_orc_lost_temple
Orc:2:    st_orc_mages, layout_caves, nicolae_orc_bridge_out

Skill      XL: |  1  2  3  4  5  6  7  8  9 10 11 12 13 |
---------------+----------------------------------------+-----
Necromancy     | 5 6 7 8 |  8.8
Stealth        | 3 |  3.0
Fighting       | 1 2 3 |  3.0
Spellcasting   | 4 5 6 7 8 9 10 11 | 11.6
Armour         | 1 2 |  2.0
Dodging        | 3 4 5 |  5.0
Poison Magic   | 3 6 7 8 9 |  9.2
Conjurations   | 2 3 5 7 8 10 | 10.4
Transmutations | 2 4 5 6 7 |  7.4
Fire Magic     | 2 4 5 7 9 10 | 10.7
Air Magic      | 2 3 4 5 |  5.0
Earth Magic    | 1 4 6 8 10 | 10.0
Evocations     | 1 2 4 5 |  5.0
Shields        | 2 4 |  4.0

Action                   |  1- 3 |  4- 6 |  7- 9 | 10-12 | 13-15 || total
-------------------------+-------+-------+-------+-------+-------++-------
Melee: Unarmed           |     1 |       |       |       |       ||     1
       Hand axe          |       |    77 |   109 |       |       ||   186
       Short sword       |       |       |     3 |     2 |       ||     5
       Staff             |       |       |       |     2 |     3 ||     5
 Cast: Pain              |    75 |    89 |    21 |       |       ||   185
       Vampiric Draining |       |    12 |    21 |     6 |       ||    39
       Poisonous Vapours |       |       |    66 |    44 |     2 ||   112
       Ignite Poison     |       |       |    28 |   117 |    37 ||   182
       Mephitic Cloud    |       |       |    15 |     2 |     2 ||    19
       Olgreb's Toxic Ra |       |       |     8 |   107 |    46 ||   161
       Bolt of Magma     |       |       |       |    33 |    66 ||    99
       Irradiate         |       |       |       |       |     1 ||     1
Evoke: Wand              |       |       |     3 |     1 |     1 ||     5
  Use: Potion            |     2 |     1 |     4 |     1 |       ||     8
       Scroll            |       |     7 |     8 |     8 |     7 ||    30
 Stab: Sleeping          |       |     1 |     1 |       |       ||     2
Armor: Robe              |       |     1 |       |       |       ||     1
       Leather armour    |       |    22 |    43 |       |       ||    65
       Steam dragon scal |       |       |     3 |    17 |       ||    20
       Troll leather arm |       |       |       |    16 |    30 ||    46
Dodge: Dodged            |     8 |    77 |   103 |    59 |    19 ||   266
Block: Buckler           |       |       |       |    16 |    18 ||    34

Table legend: (Time is in decaauts)
 A = Elapsed time spent in this place.
 B = Non-inter-level travel time spent in this place.
 C = Inter-level travel time spent in this place.
 D = Time resting spent in this place.
 E = Time spent auto-exploring this place.
 F = Levels seen in this place.
 G = Mean time per level.
                   A        B        C        D        E       F      G
               +--------+--------+--------+--------+--------+-----+--------+
         Total |  25950 |  24629 |   1321 |   1085 |  20088 |  19 | 1365.8 |
       Dungeon |  21710 |  20559 |   1151 |    945 |  16943 |  14 | 1550.7 |
        Temple |    280 |    253 |     27 |      0 |    237 |   1 |  280.0 |
  Orcish Mines |   2804 |   2661 |    143 |     14 |   2267 |   2 | 1402.0 |
       Ossuary |    576 |    576 |      0 |    126 |    172 |   1 |  576.0 |
        Bailey |    577 |    577 |      0 |      0 |    469 |   1 |  577.0 |
               +--------+--------+--------+--------+--------+-----+--------+

Top non-repeatable levels by time:
    D:11: 3091 daAuts
     D:9: 2137 daAuts
     D:1: 2118 daAuts
     D:5: 1981 daAuts
     D:2: 1945 daAuts
     D:8: 1751 daAuts
    D:13: 1706 daAuts
   Orc:2: 1622 daAuts
     D:6: 1348 daAuts
     D:7: 1320 daAuts
    D:12: 1304 daAuts
     D:4: 1299 daAuts
   Orc:1: 1182 daAuts
     D:3: 878 daAuts
    D:10: 822 daAuts
